 Dungeon Crawl Stone Soup version 0.23-a0-650-ga4d50d4 (console) character file.

65 bli the Skirmisher (level 3, -2/33 HPs)
             Began as a Draconian Wanderer on Jan 4, 2019.
             Slain by Sigmund
             ... wielding a +2 vampiric scythe
              (4 damage)
             ... on level 2 of the Dungeon.
             The game lasted 00:05:12 (1595 turns).

bli the Skirmisher (Draconian Wanderer)             Turns: 1595, Time: 00:05:12

Health: -2/33      AC:  5    Str: 13    XL:     3   Next: 92%
Magic:  3/3        EV: 13    Int: 11    God:
Gold:   126        SH:  0    Dex: 13    Spells: 2/2 levels left

rFire    . . .     SeeInvis .   a - +0 dagger
rCold    . . .     Gourm    .   (no shield)
rNeg     . . .     Faith    .   (armour unavailable)
rPois    .         Spirit   .   (helmet restricted)
rElec    .         Reflect  .   (no cloak)
rCorr    .         Harm     .   (no gloves)
MR       .....                  (no boots)
Stlth    ++........             (no amulet)
HPRegen  0.11/turn              (no ring)
MPRegen  0.08/turn              (no ring)

@: berserk cooldown
A: unfitting armour, cold-blooded, AC +5
a: no special abilities


You were on level 2 of the Dungeon.
You were not hungry.

You visited 1 branch of the dungeon, and saw 2 of its levels.

You collected 126 gold pieces.

Inventory:

Hand Weapons
 a - a +0 dagger (weapon)
 b - a +0 falchion
 j - a +0 hunting sling
Missiles
 e - a throwing net (quivered)
 f - 6 exploding tomahawks
 h - 90 stones
Scrolls
 c - 3 scrolls of teleportation
 i - a scroll of identify {unknown}
 k - a scroll of fog {unknown}
 n - a scroll of immolation {unknown}
Potions
 g - a potion of berserk rage
 o - a potion of mutation {unknown}
Comestibles
 d - 5 rations
 m - 6 chunks of flesh


   Skills:
 + Level 4.1 Fighting
 * Level 1.2(1.9) Short Blades
 * Level 2.1(2.3) Long Blades
 + Level 1.0 Throwing
 - Level 3.0 Dodging
 + Level 1.0 Stealth
   Level 1.0 Shields


You had 2 spell levels left.
You didn't know any spells.
Your spell library was empty.

Dungeon Overview and Level Annotations

Branches:
Dungeon (2/15)

Altars:

Annotations:
D:2 Sigmund


Innate Abilities, Weirdness & Mutations

Your plain brown scales are hard. (AC +5)
You cannot fit into any form of body armour.
You are cold-blooded and may be slowed by cold attacks.


Message History

Something tries to affect you, but you resist.
Something wriggles in the net.
All of a sudden the net rips apart!
Throwing (i - inventory. (/) - cycle)
e - 2 throwing nets (quivered)
Press: ? - help, Shift-Dir - straight line You throw a throwing net.
Something gets caught in the net!
Something wriggles You barely miss something.
Something wriggles in the net.
You hit something but do no damage. You tail-slap something.
Something wriggles You hear some strange, mumbled words.
You are confused.
Something wriggles in the net.
You hit something.
Something wriggles in the net.
All of a sudden the net rips Something barely misses you.
Something hits you!
* * * LOW HITPOINT WARNING * * *
It was a potion of cancellation.
Your magical effects are unravelling.
You feel magically purged.
You feel yourself speed up.
You feel less confused. Something hits you.
You die...

####### #.....# #{?...#
#@....# ##########.....##
#>...............#
#.########.....#+######
#.....# ####.........#
#.###.# #.........#
#######..##.# #.........#
......#.....# #.........#
......#..##########.........#
......#..#..................#
.........#.#######.#####.####


There were no monsters in sight!

Vanquished Creatures
  Robin (D:2)
  2 gnolls
  A dart slug (D:1)
  2 leopard geckos
  3 giant cockroaches
  9 goblins
  6 hobgoblins
  A kobold (D:2)
  3 bats
  A frilled lizard (D:1)
  A rat (D:1)
30 creatures vanquished.

Notes
Turn   | Place    | Note
-------+----------+-------------------------------------------
     0 | D:1      | bli the Draconian Wanderer began the quest for the Orb.
     0 | D:1      | bli set off with the following items: 4 throwing nets, a +0
                  | falchion, a scroll of teleportation, a ration
     0 | D:1      | Reached XP level 1. HP: 19/19 MP: 1/1
   233 | D:1      | Reached XP level 2. HP: 19/26 MP: 2/2
   996 | D:2      | Noticed Robin
  1012 | D:2      | Reached skill level 1 in Short Blades
  1024 | D:2      | Killed Robin
  1024 | D:2      | Reached XP level 3. HP: 11/33 MP: 3/3
  1325 | D:2      | Reached skill level 4 in Fighting
  1567 | D:2      | Noticed Sigmund
  1595 | D:2      | Slain by Sigmund

Vault maps used:
D:1:      shiori_arrival_elements, minmay_misc_feat_nine_boxes
D:2:      first_ration, minmay_unequal, uniq_sigmund, uniq_robin

Skill      XL: |  1  2  3 |
---------------+----------+-----
Dodging        | 3 |  3.0
Short Blades   | 1 |  1.2
Long Blades    | 2 |  2.1
Fighting       | 4 |  4.1
Throwing       | |  1.0
Stealth        | |  1.0
Shields        | |  1.0

Action                   || total
-------------------------++-------
Melee: Falchion          ||    93
       Tailslap          ||    15
       Dagger            ||     9
Throw: Throwing net      ||     3
  Use: Potion            ||     2
 Stab: Sleeping          ||     1
  Eat: Chunk             ||     2
Armor: Skin              ||    17
Dodge: Dodged            ||    52
       Rpst.: Falchion   ||    17

Table legend:
 A = Non-vault XP
 B = Vault XP
 C = Vault XP percentage of total XP
 D = Non-vault monster count
 E = Vault monster count
 F = Vault count percentage of total count
                 A         B        C        D         E       F
            +---------+---------+-------+---------+---------+-------
      Total |      57 |      36 |  38.7 |      17 |      13 |  43.3
            +---------+---------+-------+---------+---------+-------
        D:1 |      34 |       0 |   0.0 |      11 |       0 |   0.0
        D:2 |      23 |      36 |  61.0 |       6 |      13 |  68.4
            +---------+---------+-------+---------+---------+-------
